 Dungeon Crawl Stone Soup version 0.26-a0-812-g31a745ddcd (webtiles) character file.

Game seed: 18040518767935981285

455 gbos the Digger (level 7, -2/63 HPs)
             Began as a Naga Earth Elementalist on Nov 15, 2020.
             Killed from afar by an orc wizard (13 damage)
             ... with a puff of flame
             ... on level 4 of the Dungeon.
             The game lasted 00:04:56 (3768 turns).

gbos the Digger (Naga Earth Elementalist)           Turns: 3768, Time: 00:04:56

Health: -2/63      AC:  5    Str: 10    XL:     7   Next: 5%
Magic:  6/10       EV:  9    Int: 18    God:
Gold:   124        SH:  0    Dex: 11    Spells: 4/10 levels left

rFire    . . .     SeeInvis +   r - +0 mace (holy)
rCold    . . .     Faith    .   (no shield)
rNeg     . . .     Spirit   .   e - +2 leather armour {MR+}
rPois    +         Reflect  .   (no helmet)
rElec    .         Harm     .   (no cloak)
rCorr    .         Rampage  .   (no gloves)
MR       +....                  (no barding)
Stlth    ++........             (no amulet)
HPRegen  0.20/turn              (no ring)
MPRegen  0.12/turn              (no ring)

@: very slow
A: large, see invisible, deformed body, poison resistance, slowness 2, spit
poison 1, AC +2
a: Spit Poison


You were on level 4 of the Dungeon.
You visited 1 branch of the dungeon, and saw 4 of its levels.

You collected 124 gold pieces.


Innate Abilities, Weirdness & Mutations

You cannot wear boots.
Your serpentine skin is tough. (AC +2)
You have supernaturally acute eyesight. (SInv)
Armour fits poorly on your strangely shaped body.
Your system is resistant to poisons. (rPois)
You cover ground very slowly.
You can spit poison.


   Skills:
 + Level 3.8 Fighting
 - Level 1.5 Dodging
 - Level 3.0 Stealth
 - Level 2.0 Spellcasting
 - Level 1.0 Transmutations
 * Level 6.5 Earth Magic


You had 4 spell levels left.
You knew the following spells:

 Your Spells              Type           Power        Failure   Level
x - Stone Arrow           Conj/Erth      ##....       19%         3
z - Sandblast             Erth           ####..       1%          1
N - Passwall              Tmut/Erth      ###.....     8%          2

Your spell library contained the following spells:

 Spells                   Type           Power        Failure   Level
 Petrify                  Tmut/Erth      ###.....     45%         4
 Lee's Rapid Deconstruct  Erth           ####......   43%         5

Inventory:

Hand Weapons
 f - a +0 short sword
 r - a +0 mace of holy wrath (weapon)
Missiles
 b - 25 stones (quivered)
Armour
 c - a +0 robe
 e - a +2 leather armour of magic resistance (worn)
Jewellery
 n - an uncursed ring of fire
Scrolls
 a - 3 scrolls of remove curse {unknown}
 g - 2 scrolls of blinking {unknown}
 i - 2 scrolls of enchant armour {unknown}
 l - a scroll of magic mapping {unknown}
 m - a scroll of enchant weapon {unknown}
 o - 5 scrolls of identify {unknown}
 q - a scroll of fog
 t - a scroll of random uselessness {unknown}
 u - a scroll of amnesia {unknown}
Potions
 d - a potion of might {unknown}
 h - a potion of curing {unknown}
 j - a potion of mutation {unknown}
 k - a potion of brilliance {unknown}
 p - a potion of cancellation {unknown}
 s - a potion of heal wounds {unknown}

Dungeon Overview and Level Annotations

Branches:
Dungeon (4/15)
 Temple: D:4-7

Altars:
Nemelex Xobeh
Trog

▒▒▒▒▒▒▒▒▒▒ ▒▒ ▒....▒
....▒▒...▒▒.▒▒▒▒....▒
............▒.......▒
............▒.......▒
............▒.......▒
............▒.......▒
...▒▒▒...▒▒▒▒▒▒▒▒▒▒'▒ .▒
▒'▒▒▒▒...▒▒.▒▒.▒▒o#.▒▒...▒
...▒.....)....##Nh#.'....▒
...▒...<......##oo..▒....▒
...▒....(......####.▒....▒
..▒▒▒....▒▒▒▒..▒▒.▒▒▒ ...▒
..▒▒▒....▒ ▒▒▒▒▒+▒ .o.▒
.......... ..▒ ..........
.o▒ ......... ..▒▒....


You could see a hound, 2 orc wizards and an orc.


Message History

The hound bites you.
* * * LOW HITPOINT WARNING * * *
Aiming: Sandblast (safe; 1% risk of failure)
Aim: an orc wizard, wielding a +0 dagger and wearing a +0 robe (almost dead, slightly transparent)
The blast of sand misses the orc wizard.
b - 26 stones The orc wizard hits you with a cursed +0 dagger.
* * * LOW HITPOINT WARNING * * *
The orc wizard gestures at you while chanting.
The magic dart hits you.
* * * LOW HITPOINT WARNING * * *
The hound bites you.
* * * LOW HITPOINT WARNING * * *
The orc wizard hits you but does no damage.
Aiming: Sandblast (safe; 1% risk of failure)
Aim: an orc wizard, wielding a +0 dagger and wearing a +0 robe (almost dead, slightly transparent)
The blast of sand hits the orc wizard!
You kill the orc wizard!
You have reached level 7!
b - 25 stones The hound closely misses you.
The orc wizard hits you but does no damage.
The hound barely misses you.
Okay, then.
As you read the scroll labelled VAH YBLEEVO, it crumbles to dust.
The scroll dissolves into smoke.
It was a scroll of fog.
The orc wizard casts a spell at you. The puff of flame hits you!
You die...

Action                   |  1- 3 |  4- 6 |  7- 9 || total
-------------------------+-------+-------+-------++-------
Melee: Short sword       |    39 |    47 |       ||    86
       Unarmed           |     1 |       |       ||     1
       Mace              |       |    27 |       ||    27
Throw: Stone             |     1 |       |       ||     1
 Cast: Sandblast         |    13 |    49 |     1 ||    63
 Abil: Spit Poison       |     7 |     7 |       ||    14
  Use: Scroll            |       |       |     1 ||     1
 Stab: Sleeping          |     1 |     2 |       ||     3
Armor: Leather armour    |    18 |    49 |     1 ||    68
Dodge: Dodged            |    27 |    54 |     2 ||    83

Levels and vault maps discovered:
D:1:      psy_arrival_radial02, layout_basic
D:2:      layout_loops_cross, tgw_trog, nemelex_dance_club_becter
D:3:      layout_basic
D:4:      layout_gridville, lemuel_blue_sif_altar, uniq_natasha, uniq_grinder

Notes
Turn   | Place    | Note
-------+----------+-------------------------------------------
     0 | D:1      | gbos the Naga Earth Elementalist began the quest for the
                  | Orb.
     0 | D:1      | Reached XP level 1. HP: 15/15 MP: 3/3
   400 | D:1      | Reached XP level 2. HP: 24/24 MP: 3/5
   757 | D:1      | Reached skill level 1 in Fighting
  1333 | D:2      | Reached XP level 3. HP: 31/31 MP: 4/6
  1499 | D:2      | Noticed a scorpion
  1512 | D:2      | Killed a scorpion
  1512 | D:2      | Reached skill level 2 in Fighting
  1512 | D:2      | Reached skill level 4 in Earth Magic
  1512 | D:2      | Reached XP level 4. HP: 14/39 MP: 0/7
  1520 | D:2      | HP: 11/39 [poisoned by a scorpion]
  1526 | D:2      | HP: 10/39 [poisoned by a scorpion]
  1534 | D:2      | HP: 9/39 [poisoned by a scorpion]
  1793 | D:2      | Learned a level 2 spell: Passwall
  1797 | D:2      | Learned a level 3 spell: Stone Arrow
  2295 | D:2      | Found a sparkling altar of Nemelex Xobeh.
  2372 | D:2      | Noticed a moth of wrath
  2375 | D:2      | Found a bloodstained altar of Trog.
  2622 | D:3      | Reached XP level 5. HP: 46/46 MP: 4/8
  2830 | D:3      | Reached skill level 5 in Earth Magic
  3546 | D:4      | Noticed Grinder
  3562 | D:4      | Killed Grinder
  3562 | D:4      | Reached skill level 3 in Fighting
  3562 | D:4      | Reached skill level 6 in Earth Magic
  3562 | D:4      | Reached XP level 6. HP: 42/57 MP: 1/9
  3766 | D:4      | HP: 14/57 [orc wizard/magic dart (6)]
  3767 | D:4      | Reached XP level 7. HP: 10/63 MP: 6/10
  3768 | D:4      | Killed from afar by an orc wizard

Vanquished Creatures
  Grinder (D:4)
  A scorpion (D:2)
  2 orc priests (D:3)
  An orc wizard (D:4)
  6 adders
  2 oozes (D:2)
  2 worms
  A dart slug (D:1)
  2 leopard geckos
  4 orcs
  6 bats
  2 giant cockroaches (D:3)
  6 goblins
  9 hobgoblins
  4 kobolds
  A frilled lizard (D:3)
  11 rats
61 creatures vanquished.
